 Dungeon Crawl Stone Soup version 0.29-a0-283-ga02f740833 (webtiles) character file.

Game seed: 1247566661508354686

112709 Zonian the Fighter (level 16, 0/149 HPs)
             Began as a Demonspawn Ice Elementalist on Mar 13, 2022.
             Was an Elder of Ashenzari.
             Shot with an arrow by Vashnia (4 damage)
             ... on level 3 of the Snake Pit.
             The game lasted 02:44:02 (36876 turns).

Zonian the Fighter (Demonspawn Ice Elementalist)   Turns: 36876, Time: 02:44:03

Health: 0/149      AC: 11    Str:  8    XL:     16   Next: 12%
Magic:  45/48      EV: 24    Int: 24    God:    Ashenzari [****..]
Gold:   613        SH:  0    Dex: 30    Spells: 7/43 levels left

rFire   . . .      SeeInvis +   N - +9 short sword of War {vorpal, rElec rPois rN+ Str-4}
rCold   . . .      Faith    .   (no shield)
rNeg    + . .      Spirit   .   k - +1 steam dragon scales of the Distant Sage {Self, Melee} (curse)
rPois   +          Reflect  .   V - +0 helmet "Ruined Shame" {rPois Dex+6, Comp, Evo} (curse)
rElec   +          Harm     .   l - +1 cloak of the Ruined Sybil {Evo, Fort} (curse)
rCorr   .          Rampage  .   A - +0 pair of gloves of Ashenzari's Black Moon {Melee, Comp} (curse)
Will    ++...      Clarity  +   (no boots)
Stlth   ++++......              J - amulet of Vitality {Regen+ HP+15, Evo, Bglg} (curse)
HPRegen 1.14/turn               n - ring of Ashenzari's Regret {MP+9, Comp, Self} (curse)
MPRegen 0.31/turn               w - ring "Parchusmag" {Drain rElec Will+ MP+9 Dex+7}

@: mighty, brilliant, lethally poisoned (0 -> -1), wereblooded, freezing walls
A: hooves 2, powered by death 3, big brain 3, low MP 1
a: Renounce Religion, Shatter the Chains


You were on level 3 of the Snake Pit.
You worshipped Ashenzari.
Ashenzari was greatly pleased with you.
You visited 4 branches of the dungeon, and saw 26 of its levels.
You also visited: Sewer and Ossuary.

You collected 2482 gold pieces.
You spent 1869 gold pieces at shops.

Inventory:

Hand Weapons
 N - the +9 short sword of War (weapon) {vorpal, rElec rPois rN+ Str-4}
   (You found it on level 7 of the Dungeon)

   It inflicts extra damage upon your enemies.
   Str:       It affects your strength (-4).
   rElec:     It insulates you from electricity.
   rPois:     It protects you from poison.
   rN:        It protects you from negative energy.
 U - a +1 demon whip of venom
Missiles
 f - 5 throwing nets
 h - 4 javelins
 r - 76 poisoned darts
 O - 4 boomerangs of dispersal
 W - 28 curare-tipped darts
Armour
 j - a +0 buckler
 k - the cursed +1 steam dragon scales of the Distant Sage (worn) {Self, Melee}
   (You found it on level 8 of the Dungeon)

   It has a curse which improves the following skills: Introspection: Fighting
   and Spellcasting.
   Melee Combat: Short Blades, Long Blades, Axes, Maces & Flails, Polearms,
   Staves and Unarmed Combat.
 l - the cursed +1 cloak of the Ruined Sybil (worn) {Evo, Fort}
   (You found it on level 4 of the Dungeon)

   It has a curse which improves the following skills: Evocations: Evocations.
   Fortitude: Armour and Shields.
 A - the cursed +0 pair of gloves of Ashenzari's Black Moon (worn) {Melee, Comp}
   (You found it on level 5 of the Dungeon)

   It has a curse which improves the following skills: Melee Combat: Short
   Blades, Long Blades, Axes, Maces & Flails, Polearms, Staves and Unarmed
   Combat.
   Companions: Summonings and Necromancy.
 V - the cursed +0 helmet "Ruined Shame" (worn) {rPois Dex+6, Comp, Evo}
   (You acquired it on level 2 of the Lair of Beasts)

   Dex:       It affects your dexterity (+6).
   rPois:     It protects you from poison.
   It has a curse which improves the following skills: Companions: Summonings
   and Necromancy.
   Evocations: Evocations.
Jewellery
 a - the ring "Gaaz" {Fly rC+ Dex+3 SInv}
   (You found it on level 5 of the Lair of Beasts)

   [ring of flight]

   Dex:       It affects your dexterity (+3).
   rC:        It protects you from cold.
   SInv:      It lets you see invisible.
   Fly:       It grants you flight.
 n - the cursed ring of Ashenzari's Regret (left hand) {MP+9, Comp, Self}
   (You found it on level 4 of the Dungeon)

   [ring of magical power]

   MP:        It affects your magic capacity (+9).
   It has a curse which improves the following skills: Companions: Summonings
   and Necromancy.
   Introspection: Fighting and Spellcasting.
 w - the ring "Parchusmag" (right hand) {Drain rElec Will+ MP+9 Dex+7}
   (You bought it in a shop on level 2 of the Snake Pit)

   [ring of magical power]

   Dex:       It affects your dexterity (+7).
   rElec:     It insulates you from electricity.
   MP:        It affects your magic capacity (+9).
   Drain:     It drains your maximum health when unequipped.
   Will:      It increases your willpower.
 z - an amulet of reflection
 H - a ring of protection from fire
 J - the cursed amulet of Vitality (around neck) {Regen+ HP+15, Evo, Bglg}
   (You found it on level 7 of the Dungeon)

   [amulet of regeneration]

   HP:        It affects your health (+15).
   Regen:     It increases your rate of health regeneration.
   It has a curse which improves the following skills: Evocations: Evocations.
   Beguiling: Conjurations, Hexes and Translocations.
 R - a ring of poison resistance
Wands
 e - a wand of acid (4)
 x - a wand of flame (45)
 y - a wand of charming (22)
 C - a wand of polymorph (27)
 I - a wand of digging (5)
 K - a wand of iceblast (16)
 L - a wand of mindburst (29)
 T - a wand of paralysis (4)
Scrolls
 q - 2 scrolls of blinking
 B - 7 scrolls of teleportation
 D - 4 scrolls of fog
 E - 9 scrolls of fear
 F - a scroll of magic mapping
 G - a scroll of enchant weapon
 P - 2 scrolls of brand weapon
 Y - 2 scrolls of amnesia
 Z - a scroll of enchant armour
Potions
 b - 3 potions of magic
 c - 3 potions of ambrosia
 d - 6 potions of attraction
 g - 6 potions of brilliance
 i - 12 potions of curing
 m - 6 potions of mutation
 o - 2 potions of heal wounds
 p - 4 potions of haste
 s - 2 potions of berserk rage
 t - 4 potions of lignification
 u - 4 potions of might
 v - 9 potions of flight
 Q - 3 potions of resistance
 S - 2 potions of invisibility
Miscellaneous
 M - a condenser vane (inert)
 X - a box of beasts


   Skills:
 + Level 11.6(14.5) Fighting
 - Level 9.0(12.0) Short Blades
 - Level 2.6(4.2) Armour
 - Level 10.9 Dodging
 - Level 5.0 Stealth
 + Level 11.3(14.2) Spellcasting
 + Level 10.1(12.1) Conjurations
 - Level 3.2(5.0) Hexes
 - Level 7.8(11.7) Necromancy
 - Level 4.1(6.0) Translocations
 - Level 7.7 Transmutations
 - Level 6.9 Ice Magic
 - Level 5.0 Earth Magic
 - Level 5.4(9.2) Evocations


You had 7 spell levels left.
You knew the following spells:

 Your Spells              Type           Power      Damage    Failure   Level
a - Freeze                Ice            100%       1d11      1%          1
b - Frozen Ramparts       Ice            100%       1d12      1%          3
c - Ozocubu's Armour      Ice            66%        N/A       1%          3
d - Beastly Appendage     Tmut           100%       N/A       1%          1
e - Wereblood             Tmut           69%        N/A       1%          2
f - Hailstorm             Conj/Ice       76%        3d16      1%          4
g - Blink                 Tloc           100%       N/A       1%          2
h - Vampiric Draining     Necr           84%        2d12      1%          3
i - Stone Arrow           Conj/Erth      100%       3d13      1%          3
j - Anguish               Hex/Necr       36%        N/A       1%          4
k - Iskenderun's Battles  Conj           85%        2d13      1%          5
l - Irradiate             Conj/Tmut      38%        3d26      1%          5

Your spell library contained the following spells:

 Spells                   Type           Power      Damage    Failure   Level
 Animate Skeleton         Necr           100%       N/A       1%          1
 Foxfire                  Conj/Fire      100%       2x1d9     1%          1
 Pain                     Necr           100%       1d9       1%          1
 Sandblast                Erth           100%       2d20      1%          1
 Slow                     Hex            100%       N/A       1%          1
 Corpse Rot               Necr/Air       100%       N/A       1%          2
 Passwall                 Tmut/Erth      53%        N/A       1%          2
 Sublimation of Blood     Necr           84%        N/A       1%          2
 Confusing Touch          Hex            57%        N/A       1%          3
 Conjure Flame            Conj/Fire      62%        6-21      1%          3
 Inner Flame              Hex/Fire       43%        N/A       1%          3
 Lesser Beckoning         Tloc           62%        N/A       1%          3
 Spider Form              Tmut/Pois      52%        N/A       1%          3
 Tukima's Dance           Hex            57%        N/A       1%          3
 Flame Wave               Conj/Fire      62%        2d12      1%          4
 Petrify                  Tmut/Erth      64%        N/A       1%          4
 Fireball                 Conj/Fire      31%        3d13      3%          5
 Manifold Assault         Tloc           62%        N/A       3%          5
 Orb of Destruction       Conj           42%        9d12      9%          7
 Summon Lightning Spire   Summ/Air       27%        N/A       12%         4
 Conjure Ball Lightning   Conj/Air       31%        3x3d10    17%         6
 Enfeeble                 Hex            28%        N/A       80%         7
 Malign Gateway           Summ/Tloc      24%        N/A       95%         7
 Summon Hydra             Summ           14%        N/A       100%        7
 Summon Horrible Things   Summ           14%        N/A       100%        8
 Chain Lightning          Conj/Air       31%        3d41      100%        9
 Fire Storm               Conj/Fire      31%        8d8       100%        9
 Shatter                  Erth           28%        3d24*     100%        9


Dungeon Overview and Level Annotations

Branches:
Dungeon (15/15)            Temple (0/1) D:7            Lair (6/6) D:10
 Shoals (0/4) Lair:2        Snake (3/4) Lair:2        Slime (0/5) Lair:5
    Orc (2/2) D:12            Elf (0/3) Orc:2        Vaults (0/5) D:14
  Sewer (visited)         Ossuary (visited)
 Depths: D:15

Altars:
Ashenzari
Hepliaklqana
Nemelex Xobeh
Trog
Jiyva

Shops:
D:1 [   D:2 :   D:10 (   Orc:2 *?=(   Snake:2 *=

Portals:
Pandemonium: Orc:2
Trove: D:12 (give +2 gold dragon scales)

Annotations:
D:3 Grinder
D:10 2 transporters, fragbeetle's ghost, novice VSFi
D:12 Rupert
Lair:2 Urug
Snake:3 Vashnia


Innate Abilities, Weirdness & Mutations

You have hoof-like feet.
You regenerate a lot of health from kills.
You have an absolutely massive brain. (Int +6, Wiz)
Your magical capacity is low. (-10% MP)


Message History

You feel a surge of power!
The walls around you are covered in ice.
The naga sharpshooter shouts!
Vashnia resists.
The wall freezes Vashnia.
Vashnia spits poison at you. The splash of poison hits you.
You are poisoned.
You resist.
You miss Vashnia. You kick Vashnia, but do no damage.
Vashnia is lightly wounded.
You feel sick.
Vashnia resists.
The wall freezes Vashnia.
Vashnia shoots an arrow.
The arrow hits you!! The arrow burns you!
You impale Vashnia!! You kick Vashnia.
Vashnia is moderately wounded.
You feel sick.
You puncture Vashnia!
Vashnia is heavily wounded.
Vashnia resists.
The wall freezes Vashnia.
Vashnia shoots an arrow.
The arrow hits you!! The arrow burns you!
Unknown command.
Casting: Frozen Ramparts (safe; 1% risk of failure)
Confirm with . or Enter, or press ? or * to list all spells.
Aiming: Stone Arrow (safe; 1% risk of failure)
Press: ? - help, Shift-Dir - straight line, f - Vashnia
Aim: Vashnia, wielding a +1 longbow of flaming and wearing a +0 barding of cold resistance (heavily wounded, covered in acid, 58% to hit)
You feel a surge of power!
The stone arrow misses Vashnia.
You feel sick.
The naga sharpshooter casts a spell.
The naga sharpshooter magically shoots an arrow.
The arrow hits you!!
* * * LOW HITPOINT WARNING * * *
Vashnia resists.
The wall freezes Vashnia.
Vashnia shoots an arrow.
The arrow hits you!
* * * LOW HITPOINT WARNING * * *
The arrow burns you.
* * * LOW HITPOINT WARNING * * *
You feel much better.
You feel sick.
Vashnia resists.
The wall freezes Vashnia.
Vashnia shoots an arrow.
The arrow hits you!!
* * * LOW HITPOINT WARNING * * *
The arrow burns you.
You die...

ā‰ˆ #. ##.##
ā‰ˆ.* ****
##.## {, ..*,
,,,* ##.##
,,Nā‰ˆ. * *
##.## .## , ,
##.## ,* , , *
##.## * , ,
##.## * , , ,
###.##### ** ,
########@#####
..N.N.NN.....#
* **
######.####.##
,, , ,
.....##.## ,,
*** ###. ##.##
, ,, ,
#.*.##.## * **
* *#. .##.##
,*, , ,
#.*.#...# ,,
** ,*#. .#.###


You could see Vashnia (corroded) and 3 naga sharpshooters.

Vanquished Creatures
  Gastronok (D:10)
  Agnes (Snake:1)
  Frances (D:12)
  Aizul (Snake:2)
  Louise (Snake:3)
  The ghost of Gitueniwk the Thaumaturge, a journeyman DjCj of Ashenzari (D:13)
  Nessos (Lair:6)
  An ettin (Orc:2)
  Fannar (Orc:1)
  2 boulder beetles
  A rakshasa (D:13)
  3 naga warriors
  8 vault guards (D:14)
  6 hydras
  3 anacondas
  2 demonspawn (Orc:2)
  3 centaur warriors (D:14)
  7 two-headed ogres
  A tengu warrior (D:13)
  7 death yaks
  Sonja (Lair:2)
  4 naga sharpshooters
  6 orc high priests (Orc:2)
  A shock serpent (Snake:2)
  Amaemon (Lair:2)
  3 sea snakes (Snake:3)
  3 deep trolls (D:7)
  3 naga ritualists
  A wizard (D:14)
  6 orc knights (Orc:2)
  7 orc sorcerers
  3 salamanders
  6 mana vipers
  A manticore (D:13)
  4 oklob plants (Lair:1)
  2 ugly things (D:13)
  2 cyclopes
  A rust devil (Orc:2)
  A guardian serpent (Snake:3)
  5 elephants (Lair:6)
  17 black mambas
  6 cane toads
  2 naga magi (Snake:1)
  A torpor snail (Lair:5)
  2 gargoyles
  An unseen horror (D:11)
  An orange demon (Lair:2)
  6 komodo dragons
  A freezing wraith (D:14)
  3 rime drakes
  A hellwing (Orc:2)
  6 kobold demonologists (D:13)
  6 trolls
  An ice devil (Orc:2)
  3 burning bushes (Lair:5)
  6 polar bears (Lair:6)
  5 hornets (Lair:6)
  12 blink frogs
  11 slime creatures
  2 dream sheep (Lair:6)
  2 shadows (D:10)
  A vampire (D:13)
  13 spriggans (Lair:6)
  A wraith (D:12)
  31 yaks
  6 wyverns
  4 basilisks
  A hog (shapeshifter) (D:14)
  A chaos spawn (Orc:2)
  2 steam dragons
  15 vampire mosquitoes
  11 nagas
  A warg (Orc:2)
  2 acid dragons
  13 water moccasins
  An ice beast (D:5)
  A sky beast (D:7)
  4 black bears
  30 orc warriors
  3 boggarts (Lair:6)
  18 centaurs
  5 ogres
  21 wolves (Lair:6)
  A phantom (D:6)
  10 kobold brigands
  10 bullfrogs
  An elf zombie (D:5)
  2 gnoll sergeants
  6 scorpions
  A water moccasin skeleton (D:6)
  6 killer bees (D:9)
  4 howler monkeys (D:8)
  2 electric eels (Snake:3)
  2 bullfrog zombies (D:6)
  A lava snake (Lair:6)
  3 centaur zombies (Ossuary)
  A hound (D:4)
  3 jellies
  3 centaur skeletons (D:6)
  29 orc priests
  3 gnoll shamans
  2 human zombies (Ossuary)
  2 human skeletons (D:5)
  3 iguanas
  14 orc wizards
  4 scorpion zombies (Ossuary)
  3 mummies (Ossuary)
  A howler monkey skeleton (D:6)
  22 gnolls
  12 adders
  A river rat (D:6)
  2 white imps (D:7)
  An ufetubus (D:4)
  A worm (D:6)
  4 dart slugs
  70 orcs
  6 endoplasms
  3 giant cockroaches
  9 goblins
  2 hobgoblins
  2 quokkas
  12 ball pythons
  10 bats
  10 frilled lizards
  A gnoll zombie (Ossuary)
  6 hobgoblin zombies (Ossuary)
  19 kobolds
  2 kobold zombies (Ossuary)
  2 orc skeletons (D:5)
  2 orc zombies
  2 rats
711 creatures vanquished.

Vanquished Creatures (collateral kills)
  A black mamba (Snake:3)
1 creature vanquished.

Vanquished Creatures (others)
  Saint Roka (Orc:2)
  A naga warrior (Snake:1)
  A two-headed ogre (D:13)
  A salamander (Snake:1)
  A black mamba (Snake:3)
  A naga mage (Snake:1)
  A freezing wraith (D:14)
  A yak (Lair:4)
  A vampire mosquito (D:12)
  A naga (Snake:1)
  2 orc warriors (Orc:2)
  17 fungi
  46 plants
75 creatures vanquished.

Grand Total: 787 creatures vanquished

Notes
Turn   | Place    | Note
-------+----------+-------------------------------------------
     0 | D:1      | Zonian the Demonspawn Ice Elementalist began the quest for
                  | the Orb.
     0 | D:1      | Reached XP level 1. HP: 13/13 MP: 3/3
   347 | D:1      | Found a faded altar of an unknown god.
   450 | D:1      | Gained mutation: You regenerate a little health from kills.
                  | [demonic ancestry]
   450 | D:1      | Reached XP level 2. HP: 17/19 MP: 1/5
   744 | D:1      | Found Beotze Faurgh's Armour Shop.
  1384 | D:1      | Reached XP level 3. HP: 15/24 MP: 1/6
  1799 | D:1      | Learned a level 3 spell: Frozen Ramparts
  3141 | D:2      | Found Riecy's Book Boutique.
  3182 | D:2      | Gained mutation: You regenerate health from kills. [demonic
                  | ancestry]
  3182 | D:2      | Reached XP level 4. HP: 27/30 MP: 5/8
  3891 | D:3      | Noticed Grinder
  3891 | D:3      | Found a sparkling altar of Nemelex Xobeh.
  4366 | D:3      | Found a broken altar of Ashenzari.
  4440 | D:3      | Became a worshipper of Ashenzari the Shackled
  4747 | D:4      | Learned a level 3 spell: Ozocubu's Armour
  4749 | D:4      | Learned a level 1 spell: Beastly Appendage
  5418 | D:4      | Gained mutation: You have an unusually large brain. (Int
                  | +2) [demonic ancestry]
  5418 | D:4      | Reached XP level 5. HP: 25/35 MP: 9/9
  5670 | D:4      | Noticed a phantom
  6154 | D:4      | Learned a level 2 spell: Wereblood
  6422 | D:4      | Reached skill level 1 in Short Blades
  6422 | D:4      | Reached skill level 1 in Transmutations
  6617 | D:5      | Entered Level 5 of the Dungeon
  6618 | D:5      | Noticed an ice beast
  6891 | D:5      | Reached * piety under Ashenzari
  6956 | D:5      | Found a sand-covered staircase.
  6962 | Ossuary  | Entered an ossuary
  7236 | Ossuary  | Reached XP level 6. HP: 26/42 MP: 12/12
  7281 | Ossuary  | Reached skill level 1 in Fighting
  7646 | Ossuary  | Reached XP level 7. HP: 49/50 MP: 13/13
  8002 | Ossuary  | Reached skill level 5 in Ice Magic
  8394 | D:5      | Gained mutation: You have an extremely huge brain. (Int +4)
                  | [demonic ancestry]
  8394 | D:5      | Reached XP level 8. HP: 58/58 MP: 15/15
  8402 | D:5      | Learned a level 4 spell: Hailstorm
  9200 | D:6      | Found a glowing drain.
  9231 | Sewer    | Entered a sewer
 10113 | D:6      | Reached ** piety under Ashenzari
 10219 | D:6      | Reached skill level 5 in Spellcasting
 10320 | D:7      | Noticed a deep troll
 10320 | D:7      | Noticed a deep troll
 10321 | D:7      | Noticed a deep troll
 10574 | D:7      | Reached skill level 5 in Dodging
 10574 | D:7      | Gained mutation: You have large cloven feet. [demonic
                  | ancestry]
 10574 | D:7      | Reached XP level 9. HP: 41/68 MP: 18/18
 10647 | D:7      | Found a flagged portal.
 10764 | D:7      | Killed a deep troll
 10937 | D:7      | Found a staircase to the Ecumenical Temple.
 11155 | D:7      | Killed a deep troll
 11156 | D:7      | Reached skill level 5 in Fighting
 11178 | D:7      | Found the amulet of Vitality {Regen+ HP+15}
 11341 | D:7      | Identified the +9 short sword of War {vorpal, rElec rPois
                  | rN+ Str-4}
 11445 | D:7      | Killed a deep troll
 11446 | D:7      | Reached skill level 5 in Short Blades
 11446 | D:7      | Reached skill level 5 in Transmutations
 11446 | D:7      | Lost mutation: You have razor-sharp toenails. [demonic
                  | ancestry]
 11446 | D:7      | Lost mutation: You have sharp toenails. [demonic ancestry]
 11446 | D:7      | Gained mutation: You have hoof-like feet. [demonic
                  | ancestry]
 11446 | D:7      | Reached XP level 10. HP: 60/76 MP: 20/20
 11744 | D:2      | Bought a book of Spatial Translocations for 338 gold pieces
 11747 | D:2      | Learned a level 2 spell: Blink
 12108 | D:8      | Reached skill level 1 in Conjurations
 12109 | D:8      | Identified the +1 helmet of Cheibriados's Anger {rC+}
 12144 | D:8      | Reached skill level 1 in Translocations
 13187 | D:9      | Reached skill level 1 in Armour
 13578 | D:9      | Learned a level 3 spell: Vampiric Draining
 13848 | D:10     | Entered Level 10 of the Dungeon
 13878 | D:10     | Reached skill level 1 in Necromancy
 14029 | D:10     | Noticed a deep troll
 14029 | D:10     | Noticed a two-headed ogre
 14042 | D:10     | Noticed a moth of wrath
 14143 | D:10     | Found Fyczusa's Antique Weapon Shoppe.
 14183 | D:10     | Noticed a two-headed ogre
 14188 | D:10     | Noticed fragbeetle's ghost (novice VSFi)
 14317 | D:2      | Bought a book of Geomancy for 234 gold pieces
 14321 | D:2      | Learned a level 3 spell: Stone Arrow
 14481 | D:10     | Found a bloodstained altar of Trog.
 14497 | D:10     | Reached *** piety under Ashenzari
 14500 | D:10     | Found a transporter.
 14503 | D:10     | Found a transporter.
 14708 | D:10     | Noticed a gargoyle
 14713 | D:10     | Killed a gargoyle
 14714 | D:10     | Reached XP level 11. HP: 86/86 MP: 23/23
 14883 | D:10     | Noticed Gastronok
 14898 | D:10     | Found a staircase to the Lair.
 14957 | D:10     | Reached skill level 1 in Earth Magic
 15020 | D:10     | Noticed a boulder beetle
 15020 | D:10     | Noticed a two-headed ogre
 15028 | D:10     | Killed a two-headed ogre
 15036 | D:10     | Killed a boulder beetle
 15091 | D:10     | Noticed a two-headed ogre
 15098 | D:10     | Killed a two-headed ogre
 15377 | D:10     | HP: 5/102 [Gastronok (32)]
 15384 | D:10     | Killed Gastronok
 15492 | Lair:1   | Entered Level 1 of the Lair of Beasts
 15550 | Lair:1   | Noticed a five-headed hydra
 16044 | Lair:1   | Noticed an oklob plant
 16048 | Lair:1   | Killed an oklob plant
 16257 | Lair:1   | Noticed an oklob plant
 16691 | Lair:1   | Killed a five-headed hydra
 16822 | Lair:1   | Found a hazy altar of Hepliaklqana.
 17079 | Lair:2   | Gained mutation: You have an absolutely massive brain. (Int
                  | +6, Wiz) [demonic ancestry]
 17079 | Lair:2   | Reached XP level 12. HP: 94/94 MP: 25/25
 17198 | Lair:2   | Learned a level 4 spell: Anguish
 17213 | Lair:2   | Found a staircase to the Shoals.
 17222 | Lair:2   | Noticed Urug
 17276 | Lair:2   | Noticed a four-headed hydra
 17289 | Lair:2   | Killed a four-headed hydra
 17367 | Lair:2   | Found a staircase to the Snake Pit.
 17455 | Lair:2   | Noticed Amaemon
 17457 | Lair:2   | Identified a scroll of acquirement
 17471 | Lair:2   | Killed Amaemon
 17478 | Lair:2   | Reached skill level 1 in Hexes
 17769 | Lair:2   | Acquired the +0 helmet of the Imp {rPois Dex+6}
 17771 | Lair:2   | Reached **** piety under Ashenzari
 17897 | Lair:2   | Noticed Sonja
 17905 | Lair:2   | Killed Sonja
 18656 | Lair:3   | Reached skill level 5 in Conjurations
 19274 | Lair:4   | Reached skill level 1 in Evocations
 19398 | Lair:4   | Identified the +1 ring mail "Kutsagg" {rN+ Str-5 Slay+3
                  | SInv}
 19850 | Lair:5   | Noticed a death yak
 19850 | Lair:5   | Noticed a death yak
 19850 | Lair:5   | Noticed a death yak
 19888 | Lair:4   | Killed a death yak
 20541 | Lair:5   | Reached skill level 5 in Necromancy
 21385 | Lair:4   | Killed a death yak
 21574 | Lair:4   | Killed a death yak
 21786 | Lair:5   | Found a staircase to the Slime Pits.
 21787 | Lair:5   | Found a viscous altar of Jiyva.
 21865 | Lair:5   | Identified the ring "Gaaz" {Fly rC+ Dex+3 SInv}
 22161 | Lair:6   | Entered Level 6 of the Lair of Beasts
 22172 | Lair:6   | Reached XP level 13. HP: 102/106 MP: 28/28
 22609 | Lair:6   | Reached skill level 5 in Earth Magic
 22947 | Lair:6   | Reached skill level 5 in Stealth
 23546 | Lair:6   | Noticed Nessos
 23566 | Lair:6   | Killed Nessos
 24986 | D:10     | Reached XP level 14. HP: 115/115 MP: 30/30
 25307 | D:11     | Identified Sif Muna's Reference Book on Lightness
 25336 | D:11     | Learned a level 5 spell: Iskenderun's Battlesphere
 25701 | D:12     | Found a staircase to the Orcish Mines.
 25877 | D:12     | Noticed Rupert
 26125 | D:12     | Noticed Frances
 26142 | D:12     | Killed Frances
 26473 | D:12     | Found a portal to a secret trove of treasure.
 27126 | D:13     | Learned a level 5 spell: Irradiate
 27240 | D:13     | Found a runed translucent gate.
 27240 | D:13     | Found a runed translucent gate.
 27248 | D:13     | Found a runed translucent gate.
 27248 | D:13     | Noticed Gitueniwk's ghost (journeyman DjCj)
 27400 | D:13     | Killed Gitueniwk's ghost
 28358 | D:14     | Found a gate to the Vaults.
 28370 | D:14     | Reached skill level 10 in Fighting
 28583 | D:15     | Entered Level 15 of the Dungeon
 28823 | Orc:1    | Entered Level 1 of the Orcish Mines
 29144 | Orc:1    | Noticed Fannar
 29223 | Orc:1    | Killed Fannar
 29224 | Orc:1    | Reached skill level 10 in Spellcasting
 29376 | Orc:2    | Entered Level 2 of the Orcish Mines
 29408 | Orc:2    | Gained mutation: You regenerate a lot of health from kills.
                  | [demonic ancestry]
 29408 | Orc:2    | Reached XP level 15. HP: 97/123 MP: 30/32
 29415 | Orc:2    | Reached skill level 10 in Dodging
 29523 | Orc:2    | Found a staircase to the Elven Halls.
 29607 | Orc:2    | Found Zuxahet's Magic Scroll Emporium.
 29608 | Orc:2    | Found Saari's General Store.
 29808 | Orc:2    | Reached skill level 5 in Evocations
 29809 | Orc:2    | Gained mutation: Your magical capacity is low. (-10% MP) [a
                  | neqoxec]
 30242 | Orc:2    | Found a one-way gate leading to the halls of Pandemonium.
 30265 | Orc:2    | Found Roesaz's Jewellery Boutique.
 30292 | Orc:2    | Found Gies's Antique Weapon Shop.
 30343 | Orc:2    | Noticed Saint Roka
 30404 | Orc:2    | Killed Saint Roka
 31590 | Snake:1  | Entered Level 1 of the Snake Pit
 33369 | Snake:1  | Noticed Agnes
 33377 | Snake:1  | Killed Agnes
 34122 | Snake:2  | Found Futoatei's One-of-a-Kind Rings.
 34221 | Snake:2  | Found Kaymp's Assorted Antiques.
 34239 | Snake:2  | Bought a wand of iceblast (6) for 168 gold pieces
 34505 | Snake:2  | Bought a runed hunting sling for 189 gold pieces
 34505 | Snake:2  | Bought a bronze ring for 210 gold pieces
 34905 | Snake:2  | Noticed Aizul
 34928 | Snake:2  | Killed Aizul
 35711 | Snake:3  | Reached XP level 16. HP: 80/134 MP: 30/30
 35718 | Snake:3  | Noticed Vashnia
 36170 | Snake:3  | Reached skill level 10 in Conjurations
 36287 | Snake:3  | Noticed Louise
 36309 | Snake:3  | Killed Louise
 36641 | Snake:2  | Bought the ring "Parchusmag" {Drain rElec Will+ MP+9 Dex+7}
                  | for 730 gold pieces
 36876 | Snake:3  | HP: 4/149 [Vashnia/arrow (32)]
 36876 | Snake:3  | Shot with an arrow by Vashnia

Illustrated notes

Levels and vault maps discovered:
D:1:      beargit_arrival_diablo_church, layout_loops_ring, serial_shops, shop,
          chequers_ecumenical_altar_island
D:2:      layout_loops_ring, serial_shops, shop_fountains, st_stairs_10,
          grunt_ministairs_8
D:3:      layout_rooms, mainiacjoe_overflow_catwalk_spiral,
          minmay_strange_pillars, uniq_grinder
D:4:      layout_cave_pools
D:5:      layout_cave_pools, nicolae_ossuary_entry_catacombs
D:6:      layout_rooms, portal_sewer_entry_a, serial_undead, serial_undead_b,
          serial_undead_a, serial_undead_e, serial_undead_b
D:7:      layout_basic, minmay_temple_entry_glass, enter_bailey_8,
          hellmonk_guarded_unrand_vitality_bloodlust
D:8:      layout_loops_ring
D:9:      layout_cave_pods, hangedman_decor_push, minmay_strange_pillars,
          nrook_campfire, hangedman_decor_slide_cut
D:10:     cheibrodos_barr_body, layout_small_grid, minmay_lair_entry_grove,
          serial_shops, nicolae_shop_behind_doors,
          gammafunk_ghost_wrathful_warriors, uniq_gastronok
D:11:     layout_rooms
D:12:     layout_stronghold, david_orc_3, nicolae_trove_entry_columns,
          lightli_corner_chamber, uniq_rupert, uniq_frances
D:13:     layout_loops_cross, gammafunk_ghost_nasty_kobolds
D:14:     layout_basic, erik_vaults_2, hangedman_abyss_or_decor_stabs
D:15:     hangedman_depths_entry_civil_slaughter, layout_rooms,
          kiku_gazebo_pond_becter, minmay_diced_spiral
Lair:1:   minmay_lair_oklob_tunnel, layout_cave_pods, lemuel_centaur_altar,
          lemuel_fruit_tree
Lair:2:   layout_long_grid, shoals_dummy_entry, dummy_snake_entry, uniq_amaemon,
          uniq_sonja, uniq_urug
Lair:3:   layout_gridlike
Lair:4:   layout_regular_city
Lair:5:   layout_gridlike, slime_altar_1, evilmike_ambush
          [evilmike_ambush_outer_basic, evilmike_ambush_inner_basic]
Lair:6:   minmay_lair_end_enchanted_forest, layout_gridlike,
          infiniplex_staircase_pool_2, grunt_megastairs_1, uniq_nessos
Snake:1:  layout_onion_interference, uniq_agnes
Snake:2:  layout_layer_cave, serial_shops, nicolae_shop_hallway_plus,
          nicolae_shop_unique_rings, uniq_aizul
Snake:3:  layout_basic, minmay_shop_star, serial_bayou_shore_a, uniq_louise,
          uniq_vashnia
Orc:1:    layout_caves, rock_pile, uniq_fannar
Orc:2:    pf_orc_diabolical, layout_caves, uniq_saint_roka

Skill      XL: |  1  2  3  4  5  6  7  8  9 10 11 12 13 14 15 16 |
---------------+-------------------------------------------------+-----
Dodging        | 2 3 4 5 6 7 8 9 10 | 10.9
Ice Magic      | 4 5 6 |  6.9
Spellcasting   | 3 4 5 6 7 8 9 10 11 | 11.3
Short Blades   | 1 2 3 5 6 7 8 9 |  9.0
Transmutations | 1 2 3 5 6 7 |  7.7
Fighting       | 1 2 4 5 6 7 8 9 10 11 | 11.6
Conjurations   | 2 4 5 7 8 9 10 | 10.1
Translocations | 2 4 |  4.1
Armour         | 1 2 |  2.6
Necromancy     | 1 3 5 7 |  7.8
Earth Magic    | 3 4 5 |  5.0
Stealth        | 3 5 |  5.0
Hexes          | 3 |  3.2
Evocations     | 1 4 5 |  5.4

Action                   |  1- 3 |  4- 6 |  7- 9 | 10-12 | 13-15 | 16-18 || total
-------------------------+-------+-------+-------+-------+-------+-------++-------
Melee: Unarmed           |     3 |       |       |       |       |       ||     3
       Short sword       |    46 |   170 |   351 |   521 |  1070 |    41 ||  2199
       Punch             |     1 |     1 |     5 |    15 |    12 |     1 ||    35
       Headbutt          |       |     3 |    22 |    10 |     2 |       ||    37
       Kick              |       |     2 |    48 |   202 |   456 |    16 ||   724
Throw: Boomerang         |       |     4 |       |       |       |       ||     4
       Javelin           |       |       |     2 |       |       |       ||     2
       Dart              |       |       |       |     1 |     1 |       ||     2
 Cast: Freeze            |    44 |    28 |    17 |     7 |       |     1 ||    97
       Frozen Ramparts   |       |     7 |    27 |    34 |    23 |     2 ||    93
       Wereblood         |       |     2 |     9 |    10 |    41 |     2 ||    64
       Beastly Appendage |       |     1 |     9 |     6 |     1 |       ||    17
       Ozocubu's Armour  |       |       |     7 |    11 |    10 |       ||    28
       Hailstorm         |       |       |     2 |    11 |     8 |     4 ||    25
       Stone Arrow       |       |       |       |    29 |   127 |    11 ||   167
       Anguish           |       |       |       |     4 |    21 |     1 ||    26
       Blink             |       |       |       |     1 |     1 |       ||     2
       Iskenderun's Batt |       |       |       |       |    13 |     1 ||    14
       Irradiate         |       |       |       |       |    11 |       ||    11
Invok: Curse Item        |       |     2 |     1 |     6 |       |       ||     9
       Shatter the Chain |       |       |     1 |     1 |       |     1 ||     3
Evoke: Wand              |       |       |     2 |     3 |    13 |     4 ||    22
       Condenser vane    |       |       |       |       |     2 |     1 ||     3
  Use: Scroll            |       |    12 |     4 |     5 |     1 |     1 ||    23
       Potion            |       |       |     4 |     5 |       |     4 ||    13
 Stab: Sleeping          |     3 |     4 |     5 |     9 |    11 |       ||    32
       Distracted        |       |       |     1 |       |     1 |     1 ||     3
Armor: Robe              |    33 |    50 |   112 |     3 |       |       ||   198
       Skin              |       |       |     6 |       |       |       ||     6
       Steam dragon scal |       |       |       |   145 |   230 |     2 ||   377
Dodge: Dodged            |    62 |   155 |   295 |   394 |   708 |    38 ||  1652

Table legend: (Time is in decaauts)
 A = Elapsed time spent in this place.
 B = Non-inter-level travel time spent in this place.
 C = Inter-level travel time spent in this place.
 D = Time resting spent in this place.
 E = Time spent auto-exploring this place.
 F = Levels seen in this place.
 G = Mean time per level.
                   A        B        C        D        E       F      G
               +--------+--------+--------+--------+--------+-----+--------+
         Total |  36332 |  34766 |   1566 |  13739 |  11239 |  28 | 1297.6 |
       Dungeon |  17652 |  16605 |   1047 |   5587 |   6304 |  15 | 1176.8 |
          Lair |   9562 |   9218 |    344 |   3619 |   2737 |   6 | 1593.7 |
     Snake Pit |   4952 |   4811 |    141 |   2783 |   1228 |   3 | 1650.7 |
  Orcish Mines |   2168 |   2136 |     32 |    658 |    761 |   2 | 1084.0 |
         Sewer |    769 |    769 |      0 |    395 |    207 |   1 |  769.0 |
       Ossuary |   1227 |   1227 |      0 |    697 |      0 |   1 | 1227.0 |
               +--------+--------+--------+--------+--------+-----+--------+

Top non-repeatable levels by time:
  Lair:1: 2589 daAuts
 Snake:2: 2548 daAuts
     D:1: 2328 daAuts
     D:2: 2020 daAuts
     D:4: 1822 daAuts
  Lair:5: 1771 daAuts
 Snake:1: 1738 daAuts
    D:10: 1651 daAuts
  Lair:6: 1639 daAuts
   Orc:2: 1607 daAuts
  Lair:2: 1524 daAuts
    D:12: 1323 daAuts
  Lair:4: 1280 daAuts
     D:7: 1241 daAuts
 Ossuary: 1227 daAuts
